 Dungeon Crawl Stone Soup version 0.29.1-1-gd02db6906a (webtiles) character file.

Game seed: 4433917469155641352

191 MisterFreud the Sneak (level 5, 0/24 HPs)
             Began as a Felid Abyssal Knight on Oct 11, 2022.
             Was a Priest of Lugonu.
             Slain by a scorpion (1 damage)
             ... on level 4 of the Dungeon.
             The game lasted 00:03:28 (3346 turns).

MisterFreud the Sneak (Felid Abyssal Knight)        Turns: 3346, Time: 00:03:29

Health: 0/24       AC:  1    Str:  9    XL:     5   Next: 42%
Magic:  8/8        EV: 18    Int: 11    God:    Lugonu [***...]
Gold:   189        SH:  0    Dex: 19    Spells: 4/4 levels left
                                        Lives:  0   Deaths: 1

rFire   . . .      SeeInvis +     - Unarmed
rCold   . . .      Faith    .   (shield unavailable)
rNeg    . . .      Spirit   .   (body armour unavailable)
rPois   .          Reflect  .   (helmet unavailable)
rElec   .          Harm     .   (cloak unavailable)
rCorr   .          Rampage  .   (gloves unavailable)
Will    .....                   (boots unavailable)
Stlth   +++.......              (no amulet)
HPRegen 0.08/turn               (no ring)
MPRegen 0.11/turn               (no ring)

@: quick
A: very small, claws 1, fangs 3, see invisible, speed 1, shaggy fur 1, stealthy
paws, no weapons or thrown items, no armour, multi-lived
a: Renounce Religion, Depart the Abyss, Bend Space, Banish


You were on level 4 of the Dungeon.
You worshipped Lugonu.
Lugonu was most pleased with you.
You visited 1 branch of the dungeon, and saw 4 of its levels.
You visited the Abyss 1 time.

You collected 249 gold pieces.
You spent 60 gold pieces at shops.

Inventory:

Scrolls
 a - a scroll of identify
 d - a scroll of amnesia
 i - 2 scrolls of teleportation
Potions
 b - a potion of cancellation
 c - 3 potions of curing
 e - a potion of degeneration
 f - 2 potions of heal wounds
 g - a potion of flight
 h - 4 potions of haste {unknown}
 j - a potion of brilliance {unknown}


   Skills:
 - Level 3.0 Fighting
 - Level 3.3 Dodging
 + Level 5.1 Stealth
 + Level 4.2 Unarmed Combat
 + Level 3.6 Invocations


You had 4 spell levels left.
You didn't know any spells.
Your spell library contained the following spells:

 Spells                   Type           Power      Damage    Failure   Level
 Slow                     Hex            0%         N/A       34%         1
 Confusing Touch          Hex            0%         N/A       71%         3
 Vampiric Draining        Necr           0%         2d6       71%         3


Dungeon Overview and Level Annotations

Branches:
Dungeon (4/15)
 Temple: D:4-7

Altars:

Shops:
D:1 !   D:3 *


Innate Abilities, Weirdness & Mutations

You have sharp claws.
You have razor-sharp teeth.
You have supernaturally acute eyesight. (SInv)
You cover ground quickly. (Speed+)
You are covered in fur. (AC +1)
Your paws help you pounce on unaware monsters.
You are incapable of wielding weapons or throwing items.
You cannot wear armour.
You gain extra lives every three experience levels.


Message History

You scratch the scorpion.
The scorpion is lightly wounded.
The scorpion completely misses you. The scorpion completely misses you.
You scratch the scorpion but do no damage.
The scorpion is lightly wounded.
The scorpion barely misses you.
You scratch the scorpion.
The scorpion is moderately wounded.
The scorpion closely misses you.
You scratch the scorpion.
You claw the scorpion, but do no damage.
The scorpion is moderately wounded.
The scorpion completely misses you.
You scratch the scorpion.
The scorpion is heavily wounded.
The scorpion stings you. The scorpion stings you!
You are poisoned.
The scorpion poisons you!
You scratch the scorpion.
The scorpion is severely wounded.
You feel very sick. The scorpion completely misses you.
You are too injured to fight recklessly!
You scratch the scorpion but do no damage.
The scorpion is severely wounded.
You feel sick. The scorpion stings you.
* * * LOW HITPOINT WARNING * * *
You are too injured to fight recklessly!
You scratch the scorpion.
The scorpion is almost dead.
* * * LOW HITPOINT WARNING * * *
You feel sick. The scorpion barely misses you.
You feel better. The scorpion stings you.
* * * LOW HITPOINT WARNING * * *
Unknown command.
You scratch the scorpion.
The scorpion is almost dead.
The scorpion stings you.
You die...

##..... ........ #
....... ......... ....
....... ........# #..
....... ........###.#
##.......
(...........####........
................s.......
..........#.....@.#
..............##.##.
.....##........$.....
........###..###.....
.....##.##..## #.#.#...
...........## ..### #.
....#......# ...
....##.....# ...
..((.##....#


You could see a scorpion.

Vanquished Creatures
  Sigmund (D:3)
  Jessica (D:3)
  Natasha (D:3)
  7 adders
  A worm (D:2)
  An endoplasm (D:4)
  7 giant cockroaches
  5 goblins
  2 hobgoblins
  5 kobolds
  3 quokkas
  2 ball pythons (D:1)
  7 bats
  4 frilled lizards
  4 rats
51 creatures vanquished.

Notes
Turn   | Place    | Note
-------+----------+-------------------------------------------
     0 | Abyss:1  | MisterFreud the Felid Abyssal Knight began the quest for
                  | the Orb.
     0 | Abyss:1  | Reached XP level 1. HP: 10/10 MP: 3/3
     2 | Abyss:1  | Found a corrupted altar of Lugonu.
    29 | Abyss:1  | Found a shimmering blue altar of Sif Muna.
    98 | Abyss:1  | Noticed an ice devil
   114 | Abyss:1  | Found a shimmering altar of Xom.
   125 | D:1      | Escaped the Abyss
   359 | D:1      | Reached skill level 1 in Stealth
   384 | D:1      | Reached XP level 2. HP: 9/14 MP: 4/4
   768 | D:1      | Found Emunyhei's Distillery.
   779 | D:1      | Reached skill level 2 in Stealth
   787 | D:1      | Reached *** piety under Lugonu
  1037 | D:1      | Bought a potion of heal wounds for 60 gold pieces
  1389 | D:2      | Reached XP level 3. HP: 15/17 MP: 5/5
  1542 | D:2      | Reached skill level 3 in Stealth
  1701 | D:2      | Reached XP level 4. HP: 12/21 MP: 6/6
  1835 | D:2      | Identified the +0 leather armour of Dutz {rF+ Int+4 Dex-5}
  2015 | D:3      | Noticed Sigmund
  2030 | D:3      | Killed Sigmund
  2031 | D:3      | Reached skill level 4 in Stealth
  2031 | D:3      | Reached XP level 5. HP: 18/24 MP: 6/8
  2303 | D:3      | HP: 1/24 [poisoned by an adder]
  2589 | D:3      | Noticed Natasha
  2595 | D:3      | Slain by a shadow imp
  2596 | D:3      | Reached XP level 4. HP: 0/21 MP: 7/7
  2637 | D:3      | Killed Natasha
  2638 | D:3      | Reached XP level 5. HP: 24/24 MP: 8/8
  2657 | D:3      | Found Fafunu's General Store.
  2657 | D:3      | Noticed Jessica
  2672 | D:3      | Killed Jessica
  2673 | D:3      | Reached skill level 5 in Stealth
  3345 | D:4      | HP: 1/24 [scorpion (6)]
  3346 | D:4      | Slain by a scorpion

Illustrated notes

Levels and vault maps discovered:
D:1:      dpeg_arrival_round_b, layout_loops_ring, serial_shops, shop, hex_large
D:2:      layout_rooms
D:3:      layout_rooms, serial_shops, nicolae_diamond_shop, uniq_natasha,
          uniq_jessica, uniq_sigmund
D:4:      layout_cave_pools, lemuel_crystal_altar,
          minmay_temple_entry_proselytizer, serial_shops, shop

Skill      XL: |  1  2  3  4  5 |
---------------+----------------+-----
Stealth        | 1 2 3 4 5 |  5.1
Invocations    | 2 3 |  3.6
Unarmed Combat | 3 4 |  4.2
Fighting       | |  3.0
Dodging        | |  3.3

Action                   |  1- 3 |  4- 6 || total
-------------------------+-------+-------++-------
Melee: Unarmed           |    86 |    92 ||   178
       Bite              |    10 |     9 ||    19
       Punch             |     3 |     1 ||     4
  Use: Scroll            |     6 |     6 ||    12
       Potion            |     1 |     1 ||     2
 Stab: Sleeping          |     5 |     1 ||     6
Armor: Skin              |     9 |     3 ||    12
Dodge: Dodged            |    77 |    81 ||   158
